 Dungeon Crawl Stone Soup version 0.25.0-9-g26727b657a (webtiles) character file.

Game seed: 1256452001773163659

11692 MordorOrchid the Nimble (level 11, -1/55 HPs)
             Began as a Spriggan Berserker on June 17, 2020.
             Was a High Priest of Trog.
             Engulfed by an ice statue's freezing vapour (16 damage)
             ... in an ice cave.
             The game lasted 01:01:00 (10391 turns).

MordorOrchid the Nimble (Spriggan Berserker)       Turns: 10391, Time: 01:01:01

Health: -1/55      AC: 13    Str: 14    XL:     11   Next: 52%
Magic:  15/15      EV: 24    Int: 16    God:    Trog [*****.]
Gold:   298        SH:  7    Dex: 15    Spells: 10/10 levels left

rFire    + . .     SeeInvis +   y - +9 dagger "Goirifi" {vorpal, rF+ rN+ MR++ Str-2}
rCold    . . .     Gourm    .   d - +0 buckler
rNeg     + . .     Faith    +   O - +2 swamp dragon scales
rPois    +         Spirit   .   (helmet restricted)
rElec    .         Reflect  .   P - +0 cloak
rCorr    .         Harm     .   (gloves unavailable)
MR       +++..                  (boots unavailable)
Stlth    ++++......             l - amulet of faith
HPRegen  0.18/turn              h - ring of poison resistance
MPRegen  0.14/turn              i - +6 ring of intelligence

@: very slightly contaminated, very quick
A: very small, unfitting armour, see invisible, herbivore, speed 3, slow
metabolism 2
a: Berserk, Trog's Hand, Brothers in Arms, Renounce Religion


You were in an ice cave.
You worshipped Trog.
Trog was extremely pleased with you.
You were not hungry.

You visited 1 branch of the dungeon, and saw 11 of its levels.
You also visited: Ice Cave.

You collected 542 gold pieces.
You spent 244 gold pieces at shops.

Inventory:

Hand Weapons
 a - the +9 quick blade "Picutoil" {antimagic, rElec rPois rN+++ Stlth-}
   (Trog gifted it to you on level 9 of the Dungeon)

   It reduces the magical energy of the wielder, and disrupts the spells and
   magical abilities of those hit.
   Natural abilities and divine invocations are not affected.
   It insulates you from electricity.
   It protects you from poison.
   It renders you almost immune to negative energy.
   It makes you less stealthy.
 b - a +3 scimitar of flaming
 j - a +2 hand crossbow of flaming
 k - a +5 hand axe of flaming
 y - the +9 dagger "Goirifi" (weapon) {vorpal, rF+ rN+ MR++ Str-2}
   (You found it on level 5 of the Dungeon)

   It inflicts extra damage upon your enemies.
   It affects your strength (-2).
   It protects you from fire.
   It protects you from negative energy.
   It affects your resistance to hostile enchantments.
 I - a +0 short sword of electrocution
 Q - a +1 demon blade of electrocution
 V - a +2 short sword of venom
Missiles
 o - 3 boomerangs of dispersal
 s - 39 bolts
 t - 13 boomerangs
 G - 10 poisoned darts (quivered)
 T - a throwing net
Armour
 d - a +0 buckler (worn)
 e - a +1 robe of cold resistance
 O - +2 swamp dragon scales (worn)
 P - a +0 cloak (worn)
Jewellery
 h - a ring of poison resistance (left hand)
 i - a +6 ring of intelligence (right hand)
 l - an amulet of faith (around neck)
 v - an uncursed amulet of the acrobat
Wands
 D - a wand of acid (27)
 E - a wand of iceblast (7)
 J - a wand of polymorph (1)
 N - a wand of flame (15)
 R - a wand of clouds (1)
Scrolls
 m - 3 scrolls of remove curse
 p - a scroll of blinking
 z - a scroll of amnesia
 A - 5 scrolls of teleportation
 B - a scroll of magic mapping {unknown}
 H - a scroll of immolation
 M - a scroll of torment {unknown}
 S - a scroll of brand weapon
 X - a scroll of fog {unknown}
Potions
 g - 3 potions of ambrosia {unknown}
 n - a potion of stabbing {unknown}
 q - 5 potions of heal wounds
 u - 12 potions of curing
 w - 2 potions of mutation {unknown}
 x - 2 potions of haste
 F - 2 potions of brilliance {unknown}
 K - 2 potions of flight
 L - a potion of lignification
 U - a potion of resistance {unknown}
 W - a potion of berserk rage {unknown}
Comestibles
 c - 9 rations


   Skills:
 - Level 5.0 Fighting
 - Level 5.0 Short Blades
 - Level 4.0 Throwing
 * Level 8.6 Armour
 - Level 12.0 Dodging
 - Level 11.0 Stealth
 - Level 4.0 Shields
 - Level 5.0 Evocations


You had 10 spell levels left.
You didn't know any spells.
Your spell library was empty.

Dungeon Overview and Level Annotations

Branches:
Dungeon (11/15)            Temple (0/1) D:7            Lair (0/6) D:9
  IceCv (1/1)
    Orc: D:9-12

Altars:
Cheibriados
Elyvilon
Fedhas
Gozag
Nemelex Xobeh
Ru
Sif Muna
Uskayaw
Wu Jian
Yredelemnul
Beogh

Shops:
D:10 *

Annotations:
D:4 Menkaure
D:8 exclusion: upstairs
D:11 3 runed translucent doors, 1 exclusion, Askman's ghost, journeyman FoFi; Josephine IceCv 1 transporter, exclusion: 2 ice statues


Innate Abilities, Weirdness & Mutations

You are very small and have problems with some larger weapons.
You are too small for most types of armour.
You have supernaturally acute eyesight. (SInv)
You are a herbivore.
You cover ground extremely quickly.
You need to consume almost no food.


Message History

The ice statue is almost destroyed.
You hit the ice statue but do no damage.
The ice statue is almost destroyed.
You flicker back into view.
The ice statue gestures at you. The shard of ice hits you!!
Ouch! That really hurt!
The ice statue glitters chillingly in the dim dungeon light.
The ice statue gestures.
You hit the ice statue but do no damage.
The ice statue is almost destroyed.
The ice statue gestures at you. The freezing blast engulfs you.
* * * LOW HITPOINT WARNING * * *
The ice statue gestures.
Unknown command.
You hit the ice statue but do no damage.
The ice statue is almost destroyed.
You are engulfed in freezing vapours.
You die...

####
###...####
##........##
#..Y.......##
#...........##
#.8.Y8Y......#
#[.$....○....#
#©[.)☼☼○.©.∩.#
#).(.Y@○.....#
#.8..8Y○.....#
#...........##
#..........##
##........##
###...####
#####


You could see 2 ice statues and 5 ice beasts.

Vanquished Creatures
  Erica (D:9)
  A two-headed ogre (D:10)
  A sixfirhy (D:7)
  Pikel (D:9)
  2 ugly things (IceCv)
  A rime drake (D:11)
  2 trolls
  2 hippogriffs (D:10)
  A tarantella (D:6)
  4 yaks (D:10)
  A wyvern (D:8)
  2 acid dragons
  4 slaves (D:9)
  7 ice beasts
  7 orc warriors
  A hornet zombie (D:6)
  2 necrophages
  3 ogres
  A phantom (D:11)
  2 wolves (D:9)
  7 centaurs
  A crocodile (D:9)
  8 bullfrogs
  A gnoll sergeant (D:6)
  3 scorpions
  2 water moccasin skeletons (D:6)
  10 killer bees
  2 electric eels (D:9)
  7 wights
  A lava snake (D:11)
  4 bullfrog zombies
  3 crimson imps
  3 jellies
  2 centaur zombies
  10 hounds
  2 bullfrog skeletons
  7 orc priests
  9 orc wizards
  Ijyb (D:5)
  Terence (D:3)
  7 iguanas
  6 worker ants
  A hound zombie (D:8)
  A hound skeleton (D:10)
  A worker ant zombie (D:6)
  5 gnolls (D:6)
  10 adders
  3 shadow imps
  An ooze (D:3)
  2 adder skeletons
  2 worms (D:2)
  A dart slug (D:1)
  4 leopard geckos
  44 orcs
  2 ball pythons
  8 bats
  6 giant cockroaches
  10 goblins
  A hobgoblin (D:3)
  12 jackals
  3 kobolds
  A quokka (D:4)
  6 frilled lizards
  2 jackal zombies
  A quokka skeleton (D:5)
  4 rats (D:3)
274 creatures vanquished.

Notes
Turn   | Place    | Note
-------+----------+-------------------------------------------
     0 | D:1      | MordorOrchid the Spriggan Berserker began the quest for the
                  | Orb.
     0 | D:1      | Reached XP level 1. HP: 11/11 MP: 2/2
   238 | D:1      | Reached skill level 1 in Stealth
   692 | D:1      | Reached XP level 2. HP: 16/16 MP: 3/3
  1056 | D:2      | Found a sparkling altar of Nemelex Xobeh.
  1408 | D:2      | Reached XP level 3. HP: 19/19 MP: 4/4
  1970 | D:2      | Reached skill level 5 in Dodging
  2305 | D:3      | Reached ** piety under Trog
  2305 | D:3      | Reached XP level 4. HP: 23/23 MP: 5/5
  2396 | D:3      | Noticed Terence
  2465 | D:3      | Killed Terence
  2864 | D:3      | Reached skill level 1 in Shields
  2970 | D:3      | Reached XP level 5. HP: 23/27 MP: 6/6
  3312 | D:4      | Reached skill level 5 in Stealth
  3416 | D:4      | Reached skill level 6 in Dodging
  3539 | D:4      | Reached XP level 6. HP: 32/32 MP: 7/7
  3647 | D:4      | You fall into a shaft and drop 1 floor!
  3647 | D:5      | Entered Level 5 of the Dungeon
  3769 | D:5      | Found a faded altar of an unknown god.
  3769 | D:5      | Found a basalt altar of Yredelemnul.
  3778 | D:5      | Found a faded altar of an unknown god.
  3780 | D:5      | Found a hide-covered altar of Uskayaw.
  4466 | D:4      | Noticed Menkaure
  4530 | D:5      | Got a shimmering dagger
  4531 | D:5      | Identified the +9 dagger "Goirifi" {vorpal, rF+ rN+ MR++
                  | Str-2} (You found it on level 5 of the Dungeon)
  4648 | D:5      | Noticed Ijyb
  4658 | D:5      | Killed Ijyb
  4728 | D:5      | Found a white marble altar of Elyvilon.
  4896 | D:6      | Noticed an orc warrior
  4959 | D:5      | Reached skill level 7 in Dodging
  4959 | D:5      | Reached XP level 7. HP: 23/36 MP: 8/8
  5112 | D:6      | Reached *** piety under Trog
  5349 | D:6      | Reached skill level 5 in Short Blades
  5460 | D:6      | Reached skill level 8 in Dodging
  5460 | D:6      | Reached XP level 8. HP: 28/42 MP: 9/9
  6096 | D:6      | Noticed Maggie
  6097 | D:6      | Noticed Maggie
  6097 | D:6      | Maggie changed into Maggie the tarantella
  6101 | D:6      | Killed Maggie the tarantella
  6101 | D:6      | Reached skill level 1 in Evocations
  6292 | D:7      | Found a runed translucent door.
  6295 | D:7      | Noticed a sixfirhy
  6337 | D:7      | Found a staircase to the Ecumenical Temple.
  6393 | D:7      | Reached skill level 9 in Dodging
  6698 | D:7      | Reached skill level 5 in Fighting
  6792 | D:7      | Reached skill level 1 in Throwing
  6940 | D:7      | Killed a sixfirhy
  6940 | D:7      | Reached **** piety under Trog
  6940 | D:7      | Reached skill level 1 in Armour
  6940 | D:7      | Reached XP level 9. HP: 47/47 MP: 10/12
  7017 | D:7      | Found a sacrificial altar of Ru.
  7060 | D:7      | Found a snail-covered altar of Cheibriados.
  7479 | D:8      | Reached skill level 10 in Dodging
  7617 | D:8      | Reached skill level 10 in Stealth
  7678 | D:8      | Reached ***** piety under Trog
  7999 | D:8      | Found a sacrificial altar of Ru.
  8001 | D:8      | Found a shimmering blue altar of Sif Muna.
  8001 | D:8      | Found an opulent altar of Gozag.
  8002 | D:8      | Found an ornate altar of the Wu Jian Council.
  8003 | D:8      | Found a blossoming altar of Fedhas.
  8230 | D:9      | Noticed Maurice
  8236 | D:9      | Noticed Maurice
  8236 | D:9      | Maurice changed into Maurice the acid dragon
  8238 | D:9      | Killed Maurice the acid dragon
  8362 | D:9      | Reached XP level 10. HP: 51/51 MP: 14/14
  8370 | D:9      | Noticed Erica
  8390 | D:9      | Killed Erica
  8390 | D:9      | Reached skill level 5 in Evocations
  8399 | D:9      | Reached skill level 11 in Dodging
  8454 | D:9      | Found a staircase to the Lair.
  8503 | D:9      | Noticed Pikel
  8558 | D:9      | Killed Pikel
  8628 | D:9      | Reached skill level 12 in Dodging
  8740 | D:9      | Received a gift from Trog
  8755 | D:9      | Got a bloodstained quick blade {god gift}
  8905 | D:9      | Identified the +9 quick blade "Picutoil" {antimagic, rElec
                  | rPois rN+++ Stlth-} (Trog gifted it to you on level 9 of
                  | the Dungeon)
  9006 | D:10     | Entered Level 10 of the Dungeon
  9127 | D:10     | Reached skill level 5 in Armour
  9462 | D:10     | Found Teant's Assorted Antiques.
  9464 | D:10     | Reached XP level 11. HP: 37/55 MP: 15/15
  9466 | D:10     | Bought 2 emerald potions for 43 gold pieces
  9466 | D:10     | Bought a scroll labeled ENUUXZ VOIDA for 24 gold pieces
  9466 | D:10     | Bought a yellow potion for 21 gold pieces
  9466 | D:10     | Bought a runed hand crossbow for 156 gold pieces
  9674 | D:10     | Noticed a two-headed ogre
  9681 | D:10     | Killed a two-headed ogre
  9865 | D:11     | Noticed Josephine
 10115 | D:11     | Noticed Askman's ghost (journeyman FoFi)
 10136 | D:11     | Found a frozen archway.
 10136 | D:11     | Found a runed translucent gate.
 10136 | D:11     | Found a runed translucent gate.
 10136 | D:11     | Found a runed translucent gate.
 10138 | D:11     | Identified the cursed +0 trident of Watchfulness {vorpal,
                  | Str+2}
 10163 | D:11     | Found a roughly hewn altar of Beogh.
 10336 | IceCv    | Entered an ice cave
 10336 | IceCv    | Noticed a white ugly thing
 10338 | IceCv    | Found a transporter.
 10341 | IceCv    | Killed a white ugly thing
 10377 | IceCv    | Noticed a white ugly thing
 10378 | IceCv    | Found a transporter.
 10380 | IceCv    | Killed a white ugly thing
 10391 | IceCv    | Engulfed by an ice statue's freezing vapour

Illustrated notes

Levels and vault maps discovered:
D:1:      nagdon_arrival_double_spiral, layout_loops_ring
D:2:      layout_loops_ring, nemelex_xobeh_ov_fountains_minmay,
          kennysheep_generic_room_12, uniq_robin
D:3:      layout_loops_ring, kennysheep_flooded_box, chequers_avenue,
          uniq_terence
D:4:      layout_loops_ring, uniq_menkaure
D:5:      minmay_octagon_keep, layout_loops_ring,
          chequers_temple_overflow_minitemple, first_ration, elyvilon_altar_4,
          uniq_ijyb
D:6:      layout_rooms, serial_co_window_serial, co_window_of_opportunity_a,
          co_window_of_opportunity_a, co_window_of_opportunity_a,
          co_window_of_opportunity_a, co_window_corner_a, co_window_paths_a,
          co_window_paths_b, co_window_of_opportunity_a,
          co_window_of_opportunity_a, co_window_of_opportunity_b,
          co_window_broadway_c, co_window_corner_b, co_window_broadway_b,
          co_window_of_opportunity_b, co_window_paths_e, cheibriados_altar_1,
          uniq_maggie
D:7:      cheibrodos_shockbox, layout_cave_pods, marbit_many_paths,
          nicolae_overflow_hidden_temple, minmay_temple_entry_overgrown,
          hangedman_ru_absence
D:8:      layout_basic, minitemple, grunt_ogre_cave
D:9:      layout_basic, erik_lair_island, uniq_pikel, uniq_erica, uniq_maurice
D:10:     layout_stronghold, serial_shops, kennysheep_mini
D:11:     layout_irregular_city, david_orc_3, biasface_ghost_orc_armoury,
          portal_ice_cave_rime, minmay_misc_feat_plants,
          kb_lookout_dungeons_type, kennysheep_cross_room, uniq_josephine
IceCv:    ice_cave_statue_garden_transporter

Skill      XL: |  1  2  3  4  5  6  7  8  9 10 11 |
---------------+----------------------------------+-----
Stealth        | 2 3 4 5 6 7 9 10 11 | 11.0
Dodging        | 5 6 7 8 9 10 12 | 12.0
Shields        | 1 2 3 4 |  4.0
Short Blades   | 4 5 |  5.0
Fighting       | 3 4 5 |  5.0
Evocations     | 3 4 5 |  5.0
Throwing       | 2 3 4 |  4.0
Armour         | 1 2 6 8 |  8.6

Action                   |  1- 3 |  4- 6 |  7- 9 | 10-12 || total
-------------------------+-------+-------+-------+-------++-------
Melee: Short sword       |   130 |    78 |    16 |       ||   224
       Dagger            |       |     8 |   228 |   277 ||   513
 Fire: Hunting sling     |    11 |    58 |    88 |    33 ||   190
       Hand crossbow     |       |       |       |     9 ||     9
Throw: Stone             |    12 |     8 |     3 |       ||    23
       Dart              |    11 |    35 |    13 |    41 ||   100
       Boomerang         |       |     3 |    34 |     9 ||    46
       Throwing net      |       |       |       |     1 ||     1
Invok: Berserk           |     6 |     3 |     3 |       ||    12
       Trog's Hand       |       |       |     2 |       ||     2
Evoke: Wand              |       |       |     8 |    52 ||    60
  Use: Scroll            |     1 |     5 |     9 |     3 ||    18
       Potion            |       |       |     3 |     1 ||     4
 Stab: Sleeping          |     3 |     8 |    11 |    16 ||    38
       Distracted        |       |       |     2 |     1 ||     3
       Invisible         |       |       |       |     1 ||     1
  Eat: Ration            |     2 |     3 |     4 |     1 ||    10
Armor: Animal skin       |     8 |     8 |     4 |       ||    20
       Swamp dragon scal |       |       |       |    36 ||    36
Dodge: Dodged            |    66 |    65 |   116 |   221 ||   468
Block: Buckler           |    24 |    18 |    48 |    69 ||   159
